 Dungeon Crawl Stone Soup version 0.31.0-11-ge490571c62 (webtiles) character file.

Game seed: 9864164490310303166

2098 qw the Skirmisher (level 9, -3/44 HPs)
             Began as a Spriggan Hunter on Feb 4, 2024.
             Was a Priest of Okawaru.
             Slain by a sky beast (6 damage)
             ... on level 7 of the Dungeon.
             The game lasted 00:01:46 (5111 turns).

qw the Skirmisher (Spriggan Hunter)                 Turns: 5111, Time: 00:01:46

Health: -3/44      AC:  3    Str:  7    XL:     9   Next: 7%
Magic:  13/13      EV: 24    Int: 10    God:    Okawaru [***...]
Gold:   204        SH:  0    Dex: 23    Spells: 8/8 levels left

rFire   . . .        i - +2 orcbow
rCold   . . .        (shield currently unavailable)
rNeg    . . .        m - +0 troll leather armour {Pargi}
rPois   .            (helmet restricted)
rElec   .            (no cloak)
rCorr   .            (gloves unavailable)
SInv    +            (boots unavailable)
Will    ++...        l - amulet of regeneration
Stlth   ++           g - ring of willpower
HPRegen 1.87/turn    (no ring)
MPRegen 0.13/turn

%: no passive effects
@: very quick
A: very small, no large weapons, unfitting armour, see invisible, speed 3
a: Renounce Religion, Heroism


You were on level 7 of the Dungeon.
You worshipped Okawaru.
Okawaru was most pleased with you.
You visited 1 branch of the dungeon, and saw 7 of its levels.

You collected 267 gold pieces.
You spent 63 gold pieces at shops.


Innate Abilities, Weirdness & Mutations

You are very small and have problems with some larger weapons.
You are too small for most types of armour.
You have supernaturally acute eyesight. (SInv)
You cover ground extremely quickly. (Speed+++)


   Skills:
 - Level 3.0 Fighting
 + Level 9.3 Ranged Weapons
 - Level 9.1 Dodging
 - Level 1.5 Stealth
 - Level 4.1 Invocations


You had 8 spell levels left.
You didn't know any spells.
Your spell library was empty.

Inventory:

Hand Weapons
 i - a +2 orcbow (weapon)
Armour
 m - a +0 troll leather armour (worn) {Pargi}
Jewellery
 c - a ring of fire
 g - a ring of willpower (left hand)
 l - an amulet of regeneration (around neck)
Wands
 j - a wand of iceblast (5)
 o - a wand of light (13)
Scrolls
 f - 2 scrolls of teleportation
Potions
 a - a potion of cancellation
 b - 3 potions of might
 d - 4 potions of haste
 e - a potion of heal wounds
 h - a potion of ambrosia {unknown}
 k - 2 potions of enlightenment
 n - a potion of lignification {unknown}
 p - a potion of berserk rage {unknown}

Dungeon Overview and Level Annotations

Branches:
Dungeon (7/15)             Temple (0/1) D:7

Altars:
Dithmenos
Fedhas
Okawaru
Vehumet
The Shining One

Shops:
D:3 [*!=

Annotations:
D:4 3 runed translucent doors, qw's ghost, amateur SpHu
D:6 exclusion: moth of wrath


Message History

Enter note:
Enter note:
Found a book of Burglary.
Found two stone staircases leading down.
Found a stone.
Found a book of Dreams.
Found a robe.
You see here a stone.
Enter note: You shoot an arrow.
The arrow barely misses the sky beast.
You shoot an arrow. The arrow misses the sky beast.
You shoot an arrow. The arrow barely misses the sky beast.
The sky beast flickers out of sight for a moment.
You shoot an arrow. The arrow closely misses the sky beast.
You shoot an arrow. The arrow hits the sky beast!
The sky beast is moderately wounded.
The sky beast hits you. The sky beast shocks you.
You shoot an arrow. The arrow hits the sky beast.
The sky beast is heavily wounded.
The sky beast hits you but does no damage.
You shoot an arrow. The arrow misses the sky beast.
The sky beast misses you.
You shoot an arrow. The arrow hits the sky beast.
The sky beast is severely wounded.
The sky beast closely misses you.
You shoot an arrow. The arrow hits the sky beast.
The sky beast is severely wounded.
The ice beast hits you. The ice beast freezes you! The sky beast hits you.
The sky beast shocks you.
You shoot an arrow. The arrow misses the sky beast.
The ice beast completely misses you. The sky beast completely misses you.
You shoot an arrow. The arrow hits the sky beast.
The sky beast is severely wounded.
The ice beast hits you. The ice beast freezes you!
The sky beast completely misses you.
You shoot an arrow. The arrow closely misses the sky beast.
The ice beast hits you. The ice beast freezes you!
An orc comes into view. It is wielding a +0 club.
The sky beast hits you. The sky beast shocks you.
You die...

###.#..........##..## .....g....
...............# ....o......ggg.
...............# #...............
................#...........#.g##
...............##...........##..
........<......# .......... ...
#..............##.......... ...
................#Y......
..#........:....@Y....#
..###..........#......#
..#.........(###....#.#
....................#
#..........##......##
......:#..###.#.....#
...#..###.#...#.....[
.#..>..#..............
##...................


You could see an ice beast, a sky beast and an orc (wandering).

Vanquished Creatures
  Eustachio (D:5)
  Duvessa (D:5)
  Pargi (D:3)
  An ice beast (D:5)
  2 black bears
  2 ogres (D:6)
  2 centaurs
  2 phantoms
  A kobold brigand (D:5)
  5 scorpions
  Dowan (D:5)
  A howler monkey (D:3)
  A bombardier beetle (D:5)
  4 hounds
  An orc priest (D:6)
  2 sleepcaps
  Ijyb (D:5)
  2 iguanas
  Robin (D:3)
  4 gnolls
  9 adders
  A white imp (D:5)
  2 ufetubi (D:5)
  2 ribbon worms
  A dart slug (D:1)
  11 orcs
  7 ball pythons
  7 endoplasms
  3 giant cockroaches
  11 goblins
  8 hobgoblins
  11 jackals
  A quokka (D:3)
  3 bats
  3 frilled lizards
  7 kobolds
  5 rats (D:2)
128 creatures vanquished.

Notes
Turn   | Place    | Note
-------+----------+-------------------------------------------
     0 | D:1      | qw the Spriggan Hunter began the quest for the Orb.
     0 | D:1      | Reached XP level 1. HP: 10/10 MP: 2/2
     0 | D:1      | 0 ||| qw: Version: 0.3-a-160-g6735b56
     0 | D:1      | 0 ||| qw: Game counter: 6064
     0 | D:1      | 0 ||| qw: Melee chars always use a shield: true
     0 | D:1      | 0 ||| qw: God list: Okawaru
     0 | D:1      | 0 ||| qw: Allow faded altars: false
     0 | D:1      | 0 ||| qw: Do Orc after clearing Dungeon:15 true
     0 | D:1      | 0 ||| qw: Do second Lair branch before Depths: true
     0 | D:1      | 0 ||| qw: Lair rune preference: random
     0 | D:1      | 0 ||| qw: Goals: Normal
     0 | D:1      | 0 ||| PLANNING D:1-11
   147 | D:1      | Reached skill level 3 in Dodging
   398 | D:1      | Reached XP level 2. HP: 14/14 MP: 3/3
   638 | D:1      | 638 ||| READING scroll labelled ODOITHR ZIMOOT.
   639 | D:1      | 639 ||| READING 2 scrolls labelled WAUHATS COMIBUE.
   643 | D:1      | 643 ||| READING scroll labelled NICUCV HULYIH.
   643 | D:1      | 643 ||| IDENTIFYING fizzy silvery potion
   644 | D:1      | 644 ||| DROPPING scroll of butterflies.
   780 | D:2      | Reached XP level 3. HP: 18/18 MP: 4/4
  1427 | D:2      | 1427 ||| READING scroll of identify.
  1427 | D:2      | 1427 ||| IDENTIFYING inky potion
  1428 | D:2      | 1428 ||| READING scroll labelled SOUZASH LI MEAL.
  1428 | D:2      | 1428 ||| ENCHANTING +0 shortbow.
  1532 | D:3      | 1532 ||| SWAPPING to +0 orcbow.
  1533 | D:3      | 1533 ||| DROPPING +0 shortbow.
  1558 | D:3      | Noticed Robin
  1572 | D:3      | Killed Robin
  1573 | D:3      | Reached XP level 4. HP: 8/22 MP: 5/5
  1573 | D:3      | 1573 ||| FLEEEEING.
  1574 | D:3      | 1574 ||| FLEEEEING.
  1575 | D:3      | 1575 ||| FLEEEEING.
  1576 | D:3      | 1576 ||| FLEEEEING.
  1577 | D:3      | 1577 ||| FLEEEEING.
  1578 | D:3      | 1578 ||| FLEEEEING.
  1579 | D:3      | 1579 ||| FLEEEEING.
  1580 | D:3      | 1580 ||| FLEEEEING.
  1581 | D:3      | 1581 ||| FLEEEEING.
  1582 | D:3      | 1582 ||| FLEEEEING.
  1585 | D:3      | 1585 ||| FLEEEEING.
  1586 | D:3      | 1586 ||| FLEEEEING.
  1587 | D:3      | 1587 ||| FLEEEEING.
  1588 | D:3      | 1588 ||| FLEEEEING.
  1589 | D:3      | 1589 ||| FLEEEEING.
  1590 | D:3      | 1590 ||| FLEEEEING.
  1591 | D:3      | 1591 ||| FLEEEEING.
  1597 | D:3      | 1597 ||| FLEEEEING.
  1598 | D:3      | 1598 ||| FLEEEEING.
  1600 | D:3      | 1600 ||| FLEEEEING.
  1601 | D:3      | 1601 ||| FLEEEEING.
  1602 | D:3      | 1602 ||| FLEEEEING.
  1603 | D:3      | 1603 ||| FLEEEEING.
  1604 | D:3      | 1604 ||| FLEEEEING.
  1605 | D:3      | 1605 ||| FLEEEEING.
  1606 | D:3      | 1606 ||| FLEEEEING.
  1607 | D:3      | 1607 ||| FLEEEEING.
  1608 | D:3      | 1608 ||| FLEEEEING.
  1609 | D:3      | 1609 ||| FLEEEEING.
  1611 | D:3      | 1611 ||| FLEEEEING.
  1612 | D:3      | 1612 ||| FLEEEEING.
  1613 | D:3      | 1613 ||| FLEEEEING.
  1614 | D:3      | 1614 ||| FLEEEEING.
  1615 | D:3      | 1615 ||| FLEEEEING.
  1616 | D:3      | 1616 ||| FLEEEEING.
  1623 | D:3      | 1623 ||| FLEEEEING.
  1624 | D:3      | 1624 ||| FLEEEEING.
  1625 | D:3      | 1625 ||| FLEEEEING.
  1626 | D:3      | 1626 ||| FLEEEEING.
  1627 | D:3      | 1627 ||| FLEEEEING.
  1628 | D:3      | 1628 ||| FLEEEEING.
  1631 | D:3      | 1631 ||| FLEEEEING.
  1632 | D:3      | 1632 ||| FLEEEEING.
  1633 | D:3      | 1633 ||| FLEEEEING.
  1634 | D:3      | 1634 ||| FLEEEEING.
  1635 | D:3      | 1635 ||| FLEEEEING.
  1636 | D:3      | 1636 ||| FLEEEEING.
  1637 | D:3      | 1637 ||| FLEEEEING.
  1638 | D:3      | 1638 ||| FLEEEEING.
  1639 | D:3      | 1639 ||| FLEEEEING.
  1640 | D:3      | 1640 ||| FLEEEEING.
  1641 | D:3      | 1641 ||| FLEEEEING.
  1642 | D:3      | 1642 ||| STAIRDANCE
  1653 | D:2      | 1653 ||| DROPPING ring of wizardry.
  1654 | D:2      | 1654 ||| READING 2 scrolls of identify.
  1654 | D:2      | 1654 ||| IDENTIFYING viscous puce potion
  1655 | D:2      | 1655 ||| READING scroll of identify.
  1655 | D:2      | 1655 ||| IDENTIFYING 2 scrolls labelled UMIELU NIPY
  1656 | D:2      | 1656 ||| READING 2 scrolls of enchant weapon.
  1656 | D:2      | 1656 ||| ENCHANTING +0 orcbow.
  1657 | D:2      | 1657 ||| READING scroll of enchant weapon.
  1657 | D:2      | 1657 ||| ENCHANTING +1 orcbow.
  1658 | D:2      | 1658 ||| DROPPING potion of degeneration.
  1661 | D:3      | 1661 ||| STAIRDANCE
  1709 | D:3      | Found Cyithot's Book Boutique.
  1717 | D:3      | Found Plog's Assorted Antiques.
  1725 | D:3      | Found Nyjeh's Distillery.
  1728 | D:3      | 1728 ||| SHOPLISTING 3 scrolls of teleportation (207 gold,
                  | have 108).
  1728 | D:3      | 1728 ||| BUYING golden potion (20 gold).
  1728 | D:3      | Bought a golden potion for 20 gold pieces
  1728 | D:3      | 1728 ||| BUYING scroll labelled WEYLYMP OROURR (23 gold).
  1728 | D:3      | Bought a scroll labelled WEYLYMP OROURR for 23 gold pieces
  1728 | D:3      | 1728 ||| SHOPLISTING scroll of teleportation (69 gold, have
                  | 65).
  1728 | D:3      | 1728 ||| BUYING smoky coppery potion (20 gold).
  1728 | D:3      | Bought a smoky coppery potion for 20 gold pieces
  1728 | D:3      | 1728 ||| SHOPLISTING twisted iron wand (92 gold, have 45).
  1733 | D:3      | 1733 ||| SHOPLISTING potion of haste (120 gold, have 45).
  1733 | D:3      | 1733 ||| SHOPLISTING potion of heal wounds (60 gold, have
                  | 45).
  1733 | D:3      | 1733 ||| SHOPLISTING potion of might (48 gold, have 45).
  1733 | D:3      | 1733 ||| SHOPLISTING potion of mutation (96 gold, have 45).
  1907 | D:3      | Reached XP level 5. HP: 26/26 MP: 6/6
  2061 | D:3      | Found Cetot's Jewellery Emporium.
  2069 | D:3      | 2069 ||| SHOPLISTING ring of protection from fire (275
                  | gold, have 58).
  2069 | D:3      | 2069 ||| SHOPLISTING ring of willpower (275 gold, have 58).
  2092 | D:3      | Noticed Pargi
  2093 | D:3      | 2093 ||| DRINKING 5 potions of haste.
  2100 | D:3      | Killed Pargi
  2101 | D:3      | Reached skill level 6 in Ranged Weapons
  2101 | D:3      | Reached XP level 6. HP: 27/30 MP: 7/7
  2198 | D:3      | Found an iron altar of Okawaru.
  2199 | D:3      | 2199 ||| PLANNING OKAWARU WORSHIP
  2199 | D:3      | 2199 ||| UPGRADING to +0 troll leather armour {Pargi}.
  2209 | D:3      | 2209 ||| DROPPING +0 robe.
  2210 | D:3      | 2210 ||| UPGRADING to amulet of regeneration.
  2215 | D:3      | 2215 ||| READING scroll labelled WEYLYMP OROURR.
  2221 | D:3      | Became a worshipper of Warmaster Okawaru
  2222 | D:3      | 2222 ||| PLANNING D:1-11
  2264 | D:3      | Found Umuxiggi's Armour Shoppe.
  2405 | D:3      | 2405 ||| DRINKING 2 fuming black potions.
  2406 | D:3      | 2406 ||| DROPPING potion of brilliance.
  2534 | D:4      | Found a blossoming altar of Fedhas.
  2590 | D:4      | Reached skill level 6 in Dodging
  2795 | D:4      | 2795 ||| FLEEEEING.
  2796 | D:4      | 2796 ||| FLEEEEING.
  2797 | D:4      | 2797 ||| FLEEEEING.
  2798 | D:4      | 2798 ||| FLEEEEING.
  2925 | D:4      | Found a runed translucent gate.
  2925 | D:4      | Found a runed translucent gate.
  2925 | D:4      | Found a runed translucent gate.
  2962 | D:4      | Noticed qw's ghost (amateur SpHu)
  3121 | D:4      | 3121 ||| READING 2 scrolls of identify.
  3121 | D:4      | 3121 ||| IDENTIFYING bubbling pink potion
  3122 | D:4      | 3122 ||| READING scroll of identify.
  3122 | D:4      | 3122 ||| IDENTIFYING golden potion
  3123 | D:4      | 3123 ||| READING 3 scrolls labelled HYUXZOICVO.
  3224 | D:4      | 3224 ||| DRINKING 2 fuming inky potions.
  3225 | D:4      | 3225 ||| DROPPING 2 scrolls of vulnerability.
  3251 | D:5      | Entered Level 5 of the Dungeon
  3323 | D:5      | Noticed Ijyb
  3332 | D:5      | Killed Ijyb
  3333 | D:5      | 3333 ||| FLEEEEING.
  3362 | D:5      | Reached XP level 7. HP: 35/35 MP: 8/8
  3417 | D:5      | Found a shadowy altar of Dithmenos.
  3433 | D:5      | Reached * piety under Okawaru
  3557 | D:5      | Reached skill level 1 in Invocations
  3713 | D:5      | Noticed Eustachio
  3714 | D:5      | 3714 ||| INVOKING Heroism.
  3715 | D:5      | 3715 ||| INVOKING Heroism.
  3729 | D:5      | Killed Eustachio
  3729 | D:5      | Reached ** piety under Okawaru
  3730 | D:5      | Reached skill level 3 in Invocations
  3730 | D:5      | Reached XP level 8. HP: 38/39 MP: 9/11
  3880 | D:5      | Noticed Dowan
  3881 | D:5      | Noticed Duvessa
  3897 | D:5      | 3897 ||| INVOKING Heroism.
  3898 | D:5      | Killed Duvessa
  3903 | D:5      | Killed Dowan
  3904 | D:5      | Reached skill level 3 in Fighting
  4173 | D:5      | 4173 ||| READING 2 scrolls labelled VIFAQYMYLE.
  4174 | D:5      | 4174 ||| DROPPING scroll of immolation.
  4428 | D:6      | Reached skill level 9 in Ranged Weapons
  4606 | D:6      | Reached *** piety under Okawaru
  4635 | D:6      | Noticed a moth of wrath
  4713 | D:6      | Reached skill level 9 in Dodging
  4713 | D:6      | Reached XP level 9. HP: 44/44 MP: 13/13
  4763 | D:6      | Found a radiant altar of Vehumet.
  4849 | D:6      | Found a glowing golden altar of the Shining One.
  4995 | D:6      | 4995 ||| UPGRADING to ring of willpower.
  5004 | D:7      | 5004 ||| STAIRDANCE
  5062 | D:7      | Found a staircase to the Ecumenical Temple.
  5111 | D:7      | HP: 5/44 [ice beast (12)]
  5111 | D:7      | Slain by a sky beast

Levels and vault maps discovered:
D:1:      dpeg_arrival_oval, layout_basic, kennysheep_decorative_pillar,
          minmay_misc_feat_secret_circle, wander_ebering_terrifying_dragon_lair
D:2:      layout_basic
D:3:      minmay_spotlight, layout_loops_cross, okawaru_metal_pillars_1_2,
          serial_shops, nicolae_shop_back_alley_shop, shop,
          nicolae_shop_dealshenge, shop, shop, st_stairs_7, uniq_pargi,
          uniq_robin
D:4:      layout_loops_ring, fedhas_altar_fruit_tree,
          gammafunk_ghost_necromancy, hangedman_decor_clover_reticule
D:5:      layout_gridville, mainiacjoe_overflow_boulevard, uniq_duvessa,
          uniq_ijyb, uniq_eustachio
D:6:      layout_basic, fiery_altar_vehumet, mainiacjoe_overflow_brackets,
          tgw_trog, minmay_manual_maat
D:7:      layout_cave_pools, chei_slow_surprise, lemuel_tele_altar,
          minmay_temple_entry_tees, chequers_serial_rivers_micro_e

Skill      XL: |  1  2  3  4  5  6  7  8 |
---------------+-------------------------+-----
Dodging        | 3 4 5 6 7 9 |  9.1
Ranged Weapons | 5 6 7 8 9 |  9.3
Fighting       | 2 3 |  3.0
Invocations    | 3 4 |  4.1
Stealth        | |  1.5

Action                     |  1- 3 |  4- 6 |  7- 9 || total
---------------------------+-------+-------+-------++-------
   Fire: Shortbow          |    66 |       |       ||    66
         Orcbow            |    21 |   127 |   213 ||   361
 Invoke: Heroism           |       |       |     2 ||     2
    Use: Scroll            |     5 |     8 |     1 ||    14
         Potion            |       |     3 |       ||     3
 Armour: Robe              |     8 |     6 |       ||    14
         Troll leather arm |       |    16 |    47 ||    63
  Dodge: Dodged            |    31 |    51 |    93 ||   175

Table legend:
 A = Non-vault XP
 B = Vault XP
 C = Vault XP percentage of total XP
 D = Non-vault monster count
 E = Vault monster count
 F = Vault count percentage of total count
                 A         B        C        D         E       F
            +---------+---------+-------+---------+---------+-------
      Total |    1970 |    1028 |  34.3 |      99 |      29 |  22.7
            +---------+---------+-------+---------+---------+-------
        D:1 |      18 |       1 |   5.3 |      10 |       1 |   9.1
        D:2 |      62 |       2 |   3.1 |      18 |       1 |   5.3
        D:3 |     110 |     234 |  68.0 |      24 |      17 |  41.5
        D:4 |     165 |       0 |   0.0 |       9 |       0 |   0.0
        D:5 |     935 |     458 |  32.9 |      22 |       4 |  15.4
        D:6 |     680 |     333 |  32.9 |      16 |       6 |  27.3
            +---------+---------+-------+---------+---------+-------
